← All builds
Air / Cortex / Economy first / OBSERVED BUILD

Standard air

Cortex Air build order · Supreme Isthmus

Economy-first air build: Aircraft Plant then Advanced Metal Extractor and Fusion Reactor, making transports and scouts for allies while transitioning into fighters and occasional bombers over the whole game.

Usually transports first (78%)

#eco #air #team support · 1490 distinct matches · 252 players · 80% of Cortex Air games · team won 46% of 1793 · Recently observed

HOW TO PLAY IT

Key timing: Aircraft Plant by 1:24

  1. Open 3 mex and wind, then drop Aircraft Plant early.
  2. Finish Aircraft Plant and start fighters for scouting and defense.
  3. Eat the Aircraft Plant once production needs outgrow it.
  4. Get Advanced Metal Extractor up to scale eco.
  5. Bring Fusion Reactor online and keep feeding transports, scouts, fighters to allies.

Phase by phase

TYPICAL OF ITS 1490 GAMES
  1. 1
  2. 2
  3. 3
PLAY THE OPENING

Follow the example game's first 6:00 step by step: what to build now, what comes next, and where it goes. At 1× it keeps pace with your own game.

  1. 1

    Up to the Aircraft Plant

    Economy
    • Metal Extractor3Mex
    • Wind Turbine4Wind
    Order
    1. Aircraft PlantAircraft Plant after 3 mex, 4 winddone ~1:26, middle half 1:14–1:35

    Some games also: energy storage (38%)

    By 1:07 in all: 3 mex · 4 wind

    The example game in this phase · 6 steps
    1. Mex ×2
    2. Wind ×2
    3. Mex
    4. Energy storage
    5. Wind ×6
    6. Aircraft PlantAircraft Plantdone 2:01 · typical 1:26
  2. 2

    Aircraft Plant to 5:00

    Economy
    • Metal Extractor1Mex
    • Wind Turbine9Wind
    • Wind Turbine3Wind
    Builders
    • Construction Turret2 Con turret
    • Construction Aircraft1 Con aircraft
    Army
    • Valiant5 Valiant
    • Hercules2 Light transport for allies
    • Finch2 Finch for allies
    • Finch1 Finch
    • Hephaestus1 Heavy transport for allies

    Some games also: shuriken (49%) · energy storage (45%) · converter (44%) · light transport (40%)

    By 5:00 in all: 3 mex · 1 mex · 13 wind · 3 wind · 1 energy storage · 2 con turret

    The example game in this phase · 22 steps
    1. FinchFinchfor Geo sea
    2. HerculesLight transport ×2for Geo sea
    3. FinchFinchfor Beach sea
    4. ValiantValiant
    5. Construction AircraftCon aircraft
    6. ValiantValiant
    7. Mex
    8. ValiantValiant ×3
    9. Con turret
    10. ValiantValiant
    11. HerculesLight transportfor Tech
    12. ValiantValiant
    13. Wind ×2
    14. ValiantValiant
    15. Wind
    16. ValiantValiant ×2
    17. Wind
    18. ValiantValiant
    19. ShurikenShuriken ×2
    20. Wind
    21. ShurikenShuriken ×2
    22. ValiantValiant
  3. 3

    5:00 to 10:00

    Economy
    • Wind Turbine21Wind
    • Wind Turbine5Wind
    • Energy Converter6Converter
    Order
    1. Aircraft PlantEat Aircraft Plant
    2. Aircraft PlantAircraft Plant after 19 wind, 18 wind, 7 converterin 58% of games
    Builders
    • Construction Turret3 Con turret
    Army
    • Valiant9 Valiant

    Some games also: shuriken (48%) · fusion (38%) · con aircraft (35%) · light transport (31%)

    By 10:00 in all: 3 mex · 1 mex · 25 wind · 20 wind · 8 converter · 1 energy storage

    The example game in this phase · 153 steps
    1. HerculesLight transport
    2. Wind
    3. Advanced Metal ExtractorT2 mexdone 5:48 · typical 6:54
    4. Wind
    5. Aircraft PlantEat Aircraft Plantreclaimed for its metal
    6. Wind
    7. Advanced Metal ExtractorT2 mex
    8. Wind ×2
    9. Advanced Metal ExtractorT2 mex
    10. Wind ×3
    11. Advanced Metal ExtractorT2 mex
    12. Wind ×2
    13. Bot LabBot Labdone 7:34
    14. Construction BotCon bot ×3
    15. Con turret
    16. Construction BotCon bot ×9
    17. Wind ×7
    18. Con turret
    19. Wind ×3
    20. Con turret
    21. Wind ×2
    22. Converter
    23. Wind
    24. Con turret
    25. Wind ×3
    26. Con turret
    27. Converter
    28. Wind
    29. Con turret
    30. Wind ×2
    31. Con turret
    32. Wind
    33. Converter
    34. Wind ×3
    35. Fusion ReactorFusiondone 10:03 · typical 10:53
    36. Wind ×2
    37. Converter
    38. Bot LabEat Bot Labreclaimed for its metal
    39. Wind ×5
    40. Converter
    41. Wind ×4
    42. Converter
    43. Wind ×3
    44. T2 converter
    45. Wind ×2
    46. Converter
    47. Wind ×5
    48. Converter
    49. T2 converter
    50. Wind ×5
    51. Converter
    52. Wind ×3
    53. Fusion ReactorFusion
    54. Wind
    55. Converter
    56. Wind ×3
    57. Converter
    58. Wind ×5
    59. Aircraft PlantAircraft Plantdone 11:13
    60. Converter
    61. Wind ×4
    62. ValiantValiant
    63. Wind ×2
    64. ValiantValiant
    65. Converter
    66. ValiantValiant
    67. Wind
    68. ValiantValiant
    69. Wind ×2
    70. ValiantValiant
    71. CitadelAnti-nukedone 12:34
    72. ValiantValiant
    73. Wind ×2
    74. Converter
    75. Wind
    76. ValiantValiant
    77. Wind
    78. Con turret
    79. Wind ×2
    80. Con turret
    81. Converter
    82. Wind ×2
    83. ValiantValiant
    84. Con turret
    85. Wind
    86. Con turret
    87. Wind
    88. ValiantValiant
    89. Wind
    90. Con turret
    91. Wind
    92. FinchFinch
    93. Con turret
    94. Converter
    95. FinchFinch
    96. Wind ×2
    97. FinchFinch ×2
    98. Wind
    99. FinchFinch
    100. ValiantValiant
    101. Wind
    102. Converter
    103. Wind
    104. ValiantValiant
    105. Wind
    106. ValiantValiant
    107. Wind
    108. Converter
    109. ValiantValiant
    110. Wind
    111. ValiantValiant
    112. Wind
    113. ValiantValiant
    114. Wind ×2
    115. ValiantValiant
    116. Converter
    117. ValiantValiant ×2
    118. Wind
    119. ValiantValiant ×2
    120. Wind ×2
    121. ValiantValiant ×3
    122. Wind
    123. ValiantValiant ×2
    124. Wind ×2
    125. ValiantValiant ×3
    126. Wind
    127. ValiantValiant
    128. Wind ×2
    129. ValiantValiant ×4
    130. Wind
    131. ValiantValiant
    132. Wind ×2
    133. ValiantValiant ×4
    134. Wind ×2
    135. ValiantValiant
    136. Wind ×2
    137. ValiantValiant ×4
    138. Wind ×2
    139. ValiantValiant
    140. Wind ×2
    141. ValiantValiant ×2
    142. Wind ×8
    143. Fusion ReactorFusion
    144. Wind ×11
    145. Aircraft PlantEat Aircraft Plantreclaimed for its metal
    146. Wind ×4
    147. T2 converter
    148. Wind ×8
    149. T2 converter
    150. Wind ×8
    151. Advanced Aircraft PlantAdvanced Aircraft Plantnot finished by 15:00
    152. T2 converter
    153. Wind ×8

Counts are medians over the build's games: half of them build more, half fewer. The example game is Issie's (32 OS, 15/08/2026); pick another.

Team trades

IN AT LEAST 30% OF ITS GAMES

You hand over

  • Finch2 Finch to Geo sea or Beach seafirst at 1:50 · in 96% of games
  • Hercules3 Light transport to Tech or Geo sea or Beach seafirst at 2:06 · in 99% of games
  • Hephaestus1 Heavy transport to Beach sea or Pond or Techfirst at 2:23 · in 72% of games

You get

  • Wind Turbine3 Wind from Beach sea or Geo seafirst at 1:37 · in 64% of games
  • Wind Turbine3 Wind from Beach sea or Geo sea or Pondfirst at 1:42 · in 46% of games
  • Construction Bot1 Con bot from Techfirst at 2:22 · in 88% of games
  • Advanced Construction Bot1 T2 con bot from Techfirst at 6:05 · in 96% of games

How it plays out

Typical game of this build, running totals by minute

Metal produced

010k20k30k
0:005:0010:0015:00

metal

Enemy metal destroyed

01k2k
0:005:0010:0015:00

metal

Own metal lost

01k2k3k
0:005:0010:0015:00

metal

1793 games.

Show as table
ByMetal produced: This buildEnemy metal destroyed: This buildOwn metal lost: This build
1:0039200
2:0092300
3:00145600
4:002052051
5:0027635173
6:003706102124
7:005088146167
8:006900190219
9:009279232270
10:0011757292384
11:0014351373540
12:0017061515781
13:00198467811109
14:002269912691689
15:002570018082409
WHAT THE NUMBERS SAY

Standard air play wins less than half its games, with very low combat losses and kills since the role mostly supports rather than fights.

  • + Own metal lost stays very low, only 2701 by 15:00.
  • + Metal production reaches 25740 by 15:00, a strong support economy.
  • − Team wins under half of games (47%).
  • − Enemy metal destroyed stays low at 2097 by 15:00, showing little direct impact.
THE EXAMPLE YOU ARE READING

Issie

31.9 OS · 15/08/2026

Open source match ↗

4 received units · includes a constructor
107 metal received · 66381 energy received

Allied construction assistance is unknown. Timings are observations, not a promise of solo reproducibility.

Typical milestones

Aircraft Plant1:26Middle 50%: 1:14–1:35 · n=1793
Advanced Metal Extractor6:54Middle 50%: 6:27–7:26 · n=1734
Fusion Reactor10:53Middle 50%: 9:47–12:18 · n=1147

Played most by

TheGeneraI113games of this buildDad_The_Speedrunner72games of this buildHunfore62games of this buildMilkdragon51games of this buildAdeus50games of this build